 Dungeon Crawl Stone Soup version 0.26.1-11-gd32895ea62 (webtiles) character file.

Game seed: 16554758404598664582

33 tizbic2 the Magician (level 3, 0/19 HPs)
             Began as a Deep Elf Hedge Wizard on June 27, 2021.
             Succumbed to an adder's poison
             ... on level 2 of the Dungeon.
             The game lasted 00:08:46 (1269 turns).

tizbic2 the Magician (Deep Elf Hedge Wizard)        Turns: 1269, Time: 00:08:47

Health: 0/19       AC:  7    Str:  8    XL:     3   Next: 12%
Magic:  1/11       EV: 11    Int: 18    God:
Gold:   47         SH:  0    Dex: 14    Spells: 9/12 levels left

rFire    . . .     SeeInvis .   g - +0 short sword
rCold    . . .     Faith    .   (no shield)
rNeg     . . .     Spirit   .   i - +0 ring mail
rPois    .         Reflect  .   c - +0 hat
rElec    .         Harm     .   b - +0 cloak
rCorr    .         Rampage  .   j - +0 pair of gloves
Will     .....                  (no boots)
Stlth    +.........             (no amulet)
HPRegen  0.06/turn              (no ring)
MPRegen  0.12/turn              (no ring)

@: lethally poisoned (0 -> -9), very slightly contaminated
A: no striking features
a: no special abilities


You were on level 2 of the Dungeon.
You visited 1 branch of the dungeon, and saw 2 of its levels.

You collected 47 gold pieces.

Inventory:

Hand Weapons
 g - a +0 short sword (weapon)
Armour
 b - a +0 cloak (worn)
 c - a +0 hat (worn)
 i - a +0 ring mail (worn)
 j - a +0 pair of gloves (worn)
Wands
 d - a wand of polymorph (13)
Scrolls
 f - 2 scrolls of remove curse


   Skills:
 + Level 0.1 Short Blades
 * Level 1.0 Armour
 + Level 2.8 Dodging
 - Level 2.4 Stealth
 + Level 5.3 Spellcasting
 + Level 1.1 Conjurations
 + Level 1.1 Summonings
 + Level 1.1 Translocations


You had 9 spell levels left.
You knew the following spells:

 Your Spells              Type           Power        Failure   Level
a - Magic Dart            Conj           32%          26%         1
b - Call Imp              Summ           8%           36%         2

Your spell library contained the following spells:

 Spells                   Type           Power        Failure   Level
 Blink                    Tloc           N/A          36%         2
 Slow                     Hex            4%           52%         2
 Conjure Flame            Conj/Fire      6%           67%         3
 Mephitic Cloud           Conj/Pois/Air  6%           71%         3


Dungeon Overview and Level Annotations

Branches:
Dungeon (2/15)

Altars:


Message History

Aiming: Magic Dart (safe; 26% risk of failure)
Press: ? - help, Shift-Dir - straight line, f/p - adder
Aim: an adder (severely wounded, 0% to evade)
The magic dart hits the adder.
The adder is almost dead.
* * * LOW HITPOINT WARNING * * *
You feel sick. The bat barely misses you.
The adder bites you but does no damage.
Casting: Magic Dart (safe; 26% risk of failure)
Confirm with . or Enter, or press ? or * to list all spells.
You don't have enough magic to cast that spell.
* * * LOW HITPOINT WARNING * * *
You feel sick. The bat completely misses you.
You barely miss the adder.
The adder is almost dead.
The adder barely misses you. The bat hits you but does no damage.
The adder misses you.
You barely miss the adder.
The adder is almost dead.
You die...

##* ############### ..*######
#.............# ..*#....# ###
#.............# ..##....# #.#
###.........>...# ..#.....#####.#
#................
..*#.......##.###.##..##########.
..##.......##.#..........##.####.
........[.....b.@...†............
..##...........S.#.##....#..#....
..*##.#.##.####..#.#####.....(...
..* #<..##.#**#..#.# #.......)..
.?* #.......,,...#.# ###.####.#..
..* #..........###.# #........#..
##* #.#.###.##.**#.# #........###
****#...#**....,,..# #..#...###
,,,,,,,,,,,*******,* #....###


You could see an adder and a bat.

Vanquished Creatures
  An adder (D:2)
  4 bats
  3 giant cockroaches (D:1)
  5 hobgoblins
  4 kobolds
  A frilled lizard (D:1)
18 creatures vanquished.

Vanquished Creatures (collateral kills)
  A worm (D:2)
  A goblin (D:2)
2 creatures vanquished.

Grand Total: 20 creatures vanquished

Notes
Turn   | Place    | Note
-------+----------+-------------------------------------------
     0 | D:1      | tizbic2 the Deep Elf Hedge Wizard began the quest for the
                  | Orb.
     0 | D:1      | Reached XP level 1. HP: 10/10 MP: 7/7
   495 | D:1      | Reached XP level 2. HP: 13/15 MP: 4/9
   533 | D:1      | Reached skill level 5 in Spellcasting
   893 | D:2      | Learned a level 2 spell: Call Imp
  1030 | D:2      | Reached skill level 1 in Armour
  1036 | D:2      | Reached XP level 3. HP: 9/19 MP: 3/11
  1269 | D:2      | Succumbed to an adder's poison

Illustrated notes

Levels and vault maps discovered:
D:1:      erik_arrival_orb_chamber, layout_basic
D:2:      layout_basic

Skill      XL: |  1  2 |
---------------+-------+-----
Spellcasting   | 5 |  5.3
Armour         | 1 |  1.0
Short Blades   | |  0.1
Dodging        | |  2.8
Stealth        | |  2.4
Conjurations   | |  1.1
Summonings     | |  1.1
Translocations | |  1.1

Action                   || total
-------------------------++-------
Melee: Short sword       ||    72
       Dagger            ||     2
 Cast: Magic Dart        ||    45
       Call Imp          ||     4
  Use: Potion            ||     3
       Scroll            ||     4
 Stab: Sleeping          ||     1
Armor: Ring mail         ||    62
       Robe              ||     1
       Leather armour    ||     1
Dodge: Dodged            ||    98
